 Dungeon Crawl Stone Soup version 0.27-a0-1217-g8a41f320e8 (webtiles) character file.

Game seed: 12431008971556359497

692 jasper the Ruffian (level 7, -2/44 HPs)
             Began as a Gargoyle Transmuter on June 5, 2021.
             Slain by an ogre
             ... wielding a +0 giant club
              (10 damage)
             ... on level 5 of the Dungeon.
             The game lasted 00:08:59 (4810 turns).

jasper the Ruffian (Gargoyle Transmuter)            Turns: 4810, Time: 00:09:00

Health: -2/44      AC: 12    Str: 10    XL:     7   Next: 63%
Magic:  10/10      EV: 16    Int: 28    God:
Gold:   231        SH:  4    Dex: 10    Spells: 0/10 levels left

rFire    . . .     SeeInvis .     - Unarmed
rCold    . . .     Faith    .   (no shield)
rNeg     + . .     Spirit   .   r - +2 animal skin
rPois    ∞         Reflect  .   s - +2 helmet
rElec    +         Harm     .   (no cloak)
rCorr    .         Rampage  .   (no gloves)
Will     .....                  k - +0 pair of boots
Stlth    +.........             l - amulet of magic regeneration
HPRegen  0.14/turn              f - +6 ring of intelligence
MPRegen  0.37/turn              i - ring "Noaz Avi" {EV+4 Str-2 Int+7}

@: wereblooded
A: sickness immunity, AC +4, negative energy resistance 1, electricity
resistance, torment resistance 1, petrification resistance, large bone plates 1,
weak 1
a: no special abilities


You were on level 5 of the Dungeon.
You visited 1 branch of the dungeon, and saw 5 of its levels.

You collected 231 gold pieces.

Inventory:

Missiles
 e - 38 sling bullets
 n - 3 javelins
 o - 140 stones
 u - a throwing net
 w - 4 boomerangs
Armour
 a - a +0 robe
 c - a +1 leather armour
 j - a +0 ring mail of willpower
 k - a +0 pair of boots (worn)
 r - a +2 animal skin (worn)
 s - a +2 helmet (worn)
Jewellery
 b - a ring of see invisible
 d - the ring "Egaolelu" {*Slow rF+ rN+ Str+4 Dex+3}
   (You acquired it on level 1 of the Dungeon)

   [ring of positive energy]

   It affects your strength (+4).
   It affects your dexterity (+3).
   It protects you from fire.
   It protects you from negative energy.
   It may slow you when you take damage.
 f - a +6 ring of intelligence (left hand)
 i - the ring "Noaz Avi" (right hand) {EV+4 Str-2 Int+7}
   (You found it on level 4 of the Dungeon)

   [ring of evasion]

   It affects your evasion (+4).
   It affects your strength (-2).
   It affects your intelligence (+7).
 l - an amulet of magic regeneration (around neck)
 t - a ring of flight
Scrolls
 h - 4 scrolls of torment {unknown}
 m - 2 scrolls of enchant armour
 p - a scroll of holy word {unknown}
Potions
 g - 2 potions of cancellation
 q - 2 potions of magic {unknown}
 v - a potion of might


   Skills:
 + Level 4.3 Fighting
 + Level 3.6 Dodging
 * Level 6.5 Unarmed Combat
 - Level 2.0 Spellcasting
 - Level 1.5 Transmutations


You couldn't memorise any spells.
You knew the following spells:

 Your Spells              Type           Power      Damage    Failure   Level
a - Beastly Appendage     Tmut           22%        N/A       4%          1
b - Wereblood             Tmut           11%        N/A       7%          2
c - Spider Form           Tmut/Pois      3%         N/A       21%         3
d - Ice Form              Ice/Tmut       7%         N/A       54%         4

Your spell library contained the following spells:

 Spells                   Type           Power      Damage    Failure   Level
 Hydra Form               Tmut           5%         N/A       78%         5


Dungeon Overview and Level Annotations

Branches:
Dungeon (5/15)
 Temple: D:4-7

Altars:
Hepliaklqana
Xom
Zin


Innate Abilities, Weirdness & Mutations

You are immune to sickness and miasma.
Your stone body is resilient. (AC +4)
You are immune to poison.
You resist negative energy. (rN+)
You are resistant to electric shocks. (rElec)
You are resistant to unholy torment.
You are immune to petrification.
You are partially covered in large bone plates. (SH +4)
You are weak. (Str -2)


Message History

The ufetubus hits you but does no damage.
The ufetubus barely misses you. The ufetubus hits you.
You take 4 damage, and have 37/44 hp.
You now have 8/10 mp.
You completely miss the ufetubus. Your kick misses the ufetubus.
The ufetubus is moderately wounded.
Your transformation is almost over.
The ufetubus closely misses you. The ufetubus misses you.
You hit the ufetubus.
The ufetubus is heavily wounded.
The ufetubus hits you. The ufetubus closely misses you.
You take 3 damage, and have 34/44 hp.
You hit the ufetubus.
You kill the ufetubus!
You aren't carrying any items that you can evoke.
Unknown command.
Your horns disappear.
Your talons disappear.
Your +2 helmet unmelds from your body.
Your +0 pair of boots unmelds from your body.
You barely miss the ogre. The ogre barely misses you.
MP restored: 10 You hit the ogre.
The ogre is lightly wounded.
The ogre barely misses you.
You barely miss the ogre.
The ogre is lightly wounded.
You punch the ogre!
The ogre is moderately wounded.
The ogre closely misses you.
You hit the ogre.
The ogre is heavily wounded.
The ogre hits you with a +0 giant club!!
Ouch! That really hurt!
* * * LOW HITPOINT WARNING * * *
You take 27 damage, and have 8/44 hp.
MASSIVE DAMAGE!!
You hit the ogre.
The ogre is severely wounded.
You closely miss the ogre.
The ogre is severely wounded.
The ogre hits you with a +0 giant club!
You die...

#..........####..##
#..# #.........##
#### #..#
#........## #..##
#........#
#####...#
##.......#
.........#
#.......#
..........
##......#
..#######. #.....##
. ## ###.##@#
####O# #.# ... ...
..... ..... #......


You could see an ogre.

Vanquished Creatures
  A black bear (D:4)
  2 ogres
  A phantom (D:2)
  A scorpion (D:5)
  3 jellies (D:5)
  A hound skeleton (D:2)
  Robin (D:4)
  3 gnolls (D:2)
  4 adders
  An ufetubus (D:5)
  A worm (D:4)
  3 dart slugs
  9 orcs
  A bat (D:3)
  4 endoplasms
  A giant cockroach (D:2)
  14 goblins
  11 hobgoblins
  9 jackals
  2 kobolds
  5 quokkas
  4 ball pythons
  3 frilled lizards
  7 rats
92 creatures vanquished.

Notes
Turn   | Place    | Note
-------+----------+-------------------------------------------
     0 | D:1      | jasper the Gargoyle Transmuter began the quest for the Orb.
     0 | D:1      | Reached XP level 1. HP: 12/12 MP: 3/3
   299 | D:1      | Reached XP level 2. HP: 15/16 MP: 3/5
   996 | D:1      | Identified a scroll of acquirement
   996 | D:1      | Acquired the ring "Egaolelu" {*Slow rF+ rN+ Str+4 Dex+3}
  1067 | D:2      | Reached XP level 3. HP: 21/21 MP: 4/6
  1211 | D:2      | Learned a level 2 spell: Wereblood
  1557 | D:2      | Reached skill level 4 in Unarmed Combat
  1557 | D:2      | Reached XP level 4. HP: 10/26 MP: 5/7
  1877 | D:2      | Found a faded altar of an unknown god.
  1930 | D:2      | Noticed a phantom
  1940 | D:2      | Killed a phantom
  1941 | D:2      | Reached XP level 5. HP: 18/31 MP: 6/8
  2656 | D:2      | Acquired a +6 ring of intelligence
  2751 | D:3      | Found a hazy altar of Hepliaklqana.
  2752 | D:3      | Found a glowing silver altar of Zin.
  2757 | D:3      | Learned a level 3 spell: Spider Form
  3079 | D:3      | Reached skill level 5 in Unarmed Combat
  3445 | D:4      | Noticed Robin
  3457 | D:4      | Reached XP level 6. HP: 34/37 MP: 7/9
  3462 | D:4      | Killed Robin
  3571 | D:4      | Found a shimmering altar of Xom.
  3625 | D:4      | Noticed a black bear
  3646 | D:4      | Gained mutation: You are partially covered in large bone
                  | plates. (SH +4) [potion of mutation]
  3646 | D:4      | Gained mutation: You are weak. (Str -2) [potion of
                  | mutation]
  3650 | D:4      | Killed a black bear
  3881 | D:4      | Reached XP level 7. HP: 30/42 MP: 10/10
  4074 | D:4      | Identified the ring "Noaz Avi" {EV+4 Str-2 Int+7}
  4481 | D:5      | Entered Level 5 of the Dungeon
  4568 | D:5      | Learned a level 4 spell: Ice Form
  4618 | D:5      | Reached skill level 6 in Unarmed Combat
  4810 | D:5      | Slain by an ogre

Illustrated notes

Levels and vault maps discovered:
D:1:      minmay_arrival_open_corners, layout_loops_ring
D:2:      layout_loops_ring, hellmonk_ecumenical_altar_lost_god,
          grunt_ministairs_9, minmay_tetromino_s4
D:3:      layout_basic, grunt_temple_overflow_open
D:4:      black_bear_nest_1, layout_rooms, overflow_temple_1_default,
          minmay_pentangle, uniq_robin
D:5:      minmay_bubble_buster, layout_cave_pods, trog_butcher_becter,
          uniq_edmund

Skill      XL: |  1  2  3  4  5  6  7 |
---------------+----------------------+-----
Dodging        | 2 3 |  3.6
Fighting       | 2 3 4 |  4.3
Unarmed Combat | 4 5 6 |  6.5
Spellcasting   | |  2.0
Transmutations | |  1.5

Action                   |  1- 3 |  4- 6 |  7- 9 || total
-------------------------+-------+-------+-------++-------
Melee: Unarmed           |    70 |   152 |    56 ||   278
       Kick              |    10 |    20 |     3 ||    33
       Headbutt          |     9 |     8 |       ||    17
       Punch             |       |     4 |     1 ||     5
Throw: Stone             |       |     4 |       ||     4
       Javelin           |       |     2 |       ||     2
 Cast: Beastly Appendage |    14 |    29 |     4 ||    47
       Wereblood         |     1 |     4 |     1 ||     6
 Abil: End Transformatio |       |       |     1 ||     1
  Use: Scroll            |     4 |     3 |       ||     7
       Potion            |       |     5 |     1 ||     6
Armor: Robe              |     4 |       |       ||     4
       Leather armour    |    13 |    39 |       ||    52
       Animal skin       |       |    19 |    12 ||    31
Dodge: Dodged            |    31 |    78 |    39 ||   148
Block: Other             |       |     9 |     5 ||    14

Table legend: (Time is in decaauts)
 A = Elapsed time spent in this place.
 B = Non-inter-level travel time spent in this place.
 C = Inter-level travel time spent in this place.
 D = Time resting spent in this place.
 E = Time spent auto-exploring this place.
 F = Levels seen in this place.
 G = Mean time per level.
                   A        B        C        D        E       F      G
               +--------+--------+--------+--------+--------+-----+--------+
         Total |   4784 |   4576 |    208 |    603 |   3157 |   5 |  956.8 |
       Dungeon |   4784 |   4576 |    208 |    603 |   3157 |   5 |  956.8 |
               +--------+--------+--------+--------+--------+-----+--------+

Top non-repeatable levels by time:
     D:2: 1395 daAuts
     D:1: 1306 daAuts
     D:4: 1061 daAuts
     D:3: 697 daAuts
     D:5: 324 daAuts
